 Dungeon Crawl Stone Soup version 0.30-a0-920-g7493c07aab (webtiles) character file.

Game seed: 1088210246795147083

233 ytrimaz the Trooper (level 6, -6/68 HPs)
             Began as an Ogre Monk on Mar 21, 2023.
             Mangled by an ogre
             ... wielding a +0 giant spiked club
              (33 damage)
             ... on level 5 of the Dungeon.
             The game lasted 00:02:56 (2344 turns).

ytrimaz the Trooper (Ogre Monk)                     Turns: 2344, Time: 00:02:57

Health: -6/68      AC:  4    Str: 18    XL:     6   Next: 4%
Magic:  6/6        EV: 10    Int: 11    God:
Gold:   90         SH:  0    Dex: 11    Spells: 5/5 levels left

rFire   . . .      SeeInvis .    e - +5 mace
rCold   . . .      Faith    .    (no shield)
rNeg    . . .      Spirit   .    b - +1 robe
rPois   .          Reflect  .    (helmet restricted)
rElec   .          Rampage  .    (no cloak)
rCorr   .                        (gloves unavailable)
Will    .....                    (boots unavailable)
Stlth   ++                       (no amulet)
HPRegen 0.31/turn                (no ring)
MPRegen 0.10/turn                (no ring)

@: no status effects
A: large, unfitting armour, tough skin 1
a: no special abilities


You were on level 5 of the Dungeon.
You visited 1 branch of the dungeon, and saw 5 of its levels.

You collected 90 gold pieces.


Innate Abilities, Weirdness & Mutations

You are too large for most types of armour.
You have tough skin. (AC +1)


   Skills:
 + Level 6.7 Fighting
 + Level 4.6 Maces & Flails
 - Level 2.6 Dodging
 - Level 1.4 Stealth


You had 5 spell levels left.
You didn't know any spells.
Your spell library contained the following spells:

 Spells                   Type           Power      Damage    Failure   Level
 Summon Small Mammal      Summ           0%         N/A       34%         1
 Call Canine Familiar     Summ           0%         N/A       71%         3
 Ignite Poison            Fire/Tmut/Pois 0%         N/A       71%         3
 Kindle Blastsparks       Fire/Tloc/Air  0%         2d10      71%         3
 Portal Projectile        Hex/Tloc       0%         N/A       71%         3
 Summon Guardian Golem    Hex/Summ       0%         N/A       71%         3
 Tukima's Dance           Hex            0%         N/A       71%         3
 Fulminant Prism          Conj/Hex       0%         3d5       98%         4
 Iskenderun's Mystic Bla  Conj/Tloc      0%         2d3       98%         4
 Sticky Flame             Conj/Fire      0%         2d3       98%         4
 Blade Hands              Tmut           0%         N/A       100%        5
 Lee's Rapid Deconstruct  Erth           0%         3d4*      100%        5
 Ignition                 Fire           0%         3d3       100%        8

Inventory:

Hand Weapons
 e - a +5 mace (weapon)
   (You found it on level 1 of the Dungeon)
Armour
 b - a +1 robe (worn)
Wands
 j - a wand of flame (12)
   (You found it on level 3 of the Dungeon)
Scrolls
 c - a scroll of fog {unknown}
 f - 2 scrolls of teleportation
Potions
 a - a potion of curing
 d - a potion of lignification {unknown}
 g - a potion of might {unknown}
 h - a potion of brilliance {unknown}
 k - a potion of heal wounds {unknown}

Dungeon Overview and Level Annotations

Branches:
Dungeon (6/15) Zot: 26977
 Temple: D:4-7

Altars:
Yredelemnul

##########
#........## ##
#.#.#.#...###.#####
#..###.....#.......
#.##.......@.......
#..#.#.....#O...###
#.#.............#
#.##.#....###.#.#
#>##.#.#.## .. ..
#.## #.#.# ##. ##
#.# #.#. .# ... .
...


You could see an ogre.


Message History

A kobold comes into view. It is wielding a +0 short sword.
The kobold shouts!
The kobold throws a stone.
The stone barely misses you.
Found a stone staircase leading down.
A kobold is nearby! 😎 HP[+6]
Your hp is fully restored (61).
A kobold is nearby!
A kobold is nearby!
The kobold throws a stone.
The stone barely misses you.
There is an open door here.
The kobold hits you with a +0 short sword. 😕 HP[-2]
You take 2 damage, and now have 59/61 hp.
You sock the kobold!
You kill the kobold! 😕 HP[+1] No target in view!
No target in view!
No target in view!
No target in view!
No target in view!
No target in view!
Found a basalt altar of Yredelemnul. 😎 HP[+1]
Your hp is fully restored (61).
k - a bubbling inky potion
There is a basalt altar of Yredelemnul here.
Found an escape hatch in the ceiling.
There is an escape hatch in the ceiling here.
l - a scroll labelled FOAKLI ELI ARPH A hobgoblin comes into view.
An adder comes into view.
There are monsters nearby!
The helpless hobgoblin fails to defend itself.
You sock the hobgoblin!
You kill the hobgoblin!
You have reached level 6!
You feel stronger. 😎 HP[+7] MP[+1]
You now have 68 max hp (+7).
Your hp is fully restored (68).
Your mp is fully restored (6).
The adder hisses angrily.
The adder bites you but does no damage.
You hit the adder. The adder barely misses you.
You hit the adder. The adder bites you. The adder barely misses you. 😕 HP[-3]
You take 3 damage, and now have 65/68 hp.
You hit the adder. The adder barely misses you.
You hit the adder.
You kill the adder! 😕 HP[+1] No target in view!
You see here an adder corpse.
f - 2 scrolls of teleportation (gained 1)
Found a stone staircase leading up. 😎 HP[+2]
Your hp is fully restored (68).
A frilled lizard comes into view.
The frilled lizard hisses angrily.
As you read the scroll labelled ISKIRU MANKAMY, it crumbles to dust.
It is a scroll of identify.
a - a potion of curing You thump the frilled lizard!
You kill the frilled lizard!
No target in view!
As you read the scroll labelled FOAKLI ELI ARPH, it crumbles to dust.
It is a scroll of enchant weapon.
Your +4 mace glows red for a moment.
A sourceless malevolence fills the Dungeon...
You fall into a shaft and drop 3 floors!
The shaft crumbles and collapses.
You now have 90 gold pieces (gained 13).
Found a stone staircase leading up.
Unknown command.
Unknown command.
There is a stone staircase leading up here.
You climb upwards.
There is a stone staircase leading down here.
Unknown command.
You pick up a book of Weapons and begin reading...
You add the spells Tukima's Dance, Portal Projectile and Blade Hands to your library.
An ogre comes into view. It is wielding a +0 giant spiked club.
The ogre shouts!
The ogre hits you with a +0 giant spiked club! 😕 HP[-13]
You take 13 damage, and now have 55/68 hp.
You thump the ogre!
Unknown command.
You thump the ogre! The ogre misses you.
You hit the ogre.
The ogre hits you with a +0 giant spiked club!!
* * * LOW HITPOINT WARNING * * *
😨 HP[-28]
You take 28 damage, and now have 27/68 hp.
MASSIVE DAMAGE!! (PAUSE)
You completely miss the ogre. The ogre barely misses you.
You barely miss the ogre.
The ogre hits you with a +0 giant spiked club!!
You die...

Skill      XL: |  1  2  3  4 |
---------------+-------------+-----
Maces & Flails | 3 4 |  4.6
Fighting       | 5 6 |  6.7
Dodging        | |  2.6
Stealth        | |  1.4

Action                     |  1- 3 |  4- 6 || total
---------------------------+-------+-------++-------
  Melee: Mace              |   103 |    72 ||   175
    Use: Scroll            |     2 |     5 ||     7
         Potion            |       |     1 ||     1
   Stab: Sleeping          |     5 |     4 ||     9
 Armour: Robe              |    34 |    25 ||    59
  Dodge: Dodged            |    63 |    60 ||   123

Levels and vault maps discovered:
D:1:      dpeg_arrival_shelter, layout_basic, dreamdust_princess_bridge,
          corexii_hall_statues_l
D:2:      layout_basic, st_stairs_4, minmay_unequal
D:3:      layout_basic, lemuel_round_altar, overflow_temple_1_default
D:5:      layout_loops_ring, dancing_weapons_uskayaw, serial_shops,
          nicolae_lakefront_shop, chequers_serial_rivers_micro_d
D:6:      layout_basic, bloody_trog, minmay_temple_entry_fiery, serial_shops,
          nicolae_shop_crystal, guppyfry_early_elven_hall,
          uniq_crazy_yiuf_cottage, uniq_sigmund

Notes
Turn   | Place    | Note
-------+----------+-------------------------------------------
     0 | D:1      | ytrimaz the Ogre Monk began the quest for the Orb.
     0 | D:1      | Reached XP level 1. HP: 24/24 MP: 1/1
     0 | D:1      | magus.rc [v1.9.6]
    52 | D:1      | Reached XP level 2. HP: 19/33 MP: 2/2
    56 | D:1      | Reached skill level 3 in Maces & Flails
   728 | D:1      | Reached XP level 3. HP: 40/40 MP: 3/3
  1025 | D:1      | You add the spells Ignite Poison, Sticky Flame and Ignition
                  | to your library.
  1050 | D:2      | Reached skill level 5 in Fighting
  1108 | D:2      | You pick up a book of Callings and begin reading...
  1108 | D:2      | You add the spells Summon Small Mammal, Call Canine
                  | Familiar and Summon Guardian Golem to your library.
  1128 | D:2      | magus.rc [v1.9.6]
  1243 | D:2      | HP: 10/42 [ball python (1)]
  1248 | D:2      | HP: 5/42 [poisoned by an adder]
  1331 | D:2      | Reached XP level 4. HP: 32/50 MP: 4/4
  1520 | D:2      | You pick up a book of Blasting and begin reading...
  1520 | D:2      | You add the spells Kindle Blastsparks, Fulminant Prism,
                  | Iskenderun's Mystic Blast and Lee's Rapid Deconstruction to
                  | your library.
  1837 | D:3      | Noticed a water moccasin
  1865 | D:3      | Killed a water moccasin
  1866 | D:3      | Reached skill level 6 in Fighting
  1866 | D:3      | Reached skill level 4 in Maces & Flails
  1866 | D:3      | Reached XP level 5. HP: 34/61 MP: 5/5
  2146 | D:3      | Found a basalt altar of Yredelemnul.
  2215 | D:3      | Reached XP level 6. HP: 68/68 MP: 6/6
  2252 | D:3      | You fall into a shaft and drop 3 floors!
  2323 | D:5      | Entered Level 5 of the Dungeon
  2330 | D:5      | You pick up a book of Weapons and begin reading...
  2330 | D:5      | You add the spells Tukima's Dance, Portal Projectile and
                  | Blade Hands to your library.
  2344 | D:5      | Mangled by an ogre

Vanquished Creatures
  A water moccasin (D:3)
  An orc wizard (D:3)
  3 adders
  A worm (D:2)
  2 dart slugs (D:1)
  2 orcs (D:3)
  3 endoplasms
  2 giant cockroaches
  7 goblins
  6 hobgoblins
  3 jackals (D:1)
  6 kobolds
  2 quokkas
  9 ball pythons
  6 bats
  4 frilled lizards
  6 rats
64 creatures vanquished.

Table legend:
 A = Non-vault XP
 B = Vault XP
 C = Vault XP percentage of total XP
 D = Non-vault monster count
 E = Vault monster count
 F = Vault count percentage of total count
                 A         B        C        D         E       F
            +---------+---------+-------+---------+---------+-------
      Total |     324 |       9 |   2.7 |      58 |       6 |   9.4
            +---------+---------+-------+---------+---------+-------
        D:1 |      49 |       0 |   0.0 |      27 |       0 |   0.0
        D:2 |      40 |       9 |  18.4 |      17 |       6 |  26.1
        D:3 |     235 |       0 |   0.0 |      14 |       0 |   0.0
            +---------+---------+-------+---------+---------+-------

Illustrated notes

Table legend:
 A = Kills in this place as a percentage of kills in the entire game.
 B = Kills by you in this place as a percentage of kills by you in the entire game.
 C = Kills by friends in this place as a percentage of kills by friends in the entire game.
 D = Other kills in this place as a percentage of other kills in the entire game.
 E = Experience gained in this place as a percentage of experience gained in the entire game.
 F = Experience gained in this place divided by the number of levels of this place that you have seen.
                   A       B       C       D       E      F
               +-------+-------+-------+-------+-------+----------------------
         Total | 100.0 | 100.0 |   N/A |   N/A | 100.0 |  66.6
       Dungeon | 100.0 | 100.0 |   N/A |   N/A | 100.0 |  66.6
               +-------+-------+-------+-------+-------+----------------------

Table legend: (Time is in decaauts)
 A = Elapsed time spent in this place.
 B = Non-inter-level travel time spent in this place.
 C = Inter-level travel time spent in this place.
 D = Time resting spent in this place.
 E = Time spent auto-exploring this place.
 F = Levels seen in this place.
 G = Mean time per level.
                   A        B        C        D        E       F      G
               +--------+--------+--------+--------+--------+-----+--------+
         Total |   2381 |   2332 |     49 |      0 |   1783 |   5 |  476.2 |
       Dungeon |   2381 |   2332 |     49 |      0 |   1783 |   5 |  476.2 |
               +--------+--------+--------+--------+--------+-----+--------+

Top non-repeatable levels by time:
     D:1: 1061 daAuts
     D:2: 739 daAuts
     D:3: 488 daAuts
     D:6: 70 daAuts
     D:5: 21 daAuts
